 Dungeon Crawl Stone Soup version 0.15.1-2-g8fbdab7 (webtiles) character file.

17716 Johnny the Chiller (level 11, -6/91 HPs)
             Began as a Demigod Ice Elementalist on Oct 1, 2014.
             Mangled by Rupert
             ... wielding a +5 great sword of slicing
              (26 damage)
             ... while paralysed by Rupert
             ... on Level 5 of the Lair of Beasts.
             The game lasted 00:43:06 (17050 turns).

Johnny the Chiller (Demigod Ice Elementalist)      Turns: 17050, Time: 00:43:07

HP  -6/91        AC 12     Str 12      XL: 11   Next: 94%
MP  28/28        EV  2     Int 26      God:
Gold 626         SH  0     Dex 18      Spells:  4 memorised, 11 levels left

rFire  . . .     SeeInvis .     F - +2 hand axe (venom)
rCold  . . .     Clarity  .     E - +2 leather armour {rPois}
rNeg   + . .     rCorr    .     (no shield)
rPois  +         rRot     .     m - +2 hat
rElec  .         Spirit   .     a - +0 cloak
SustAb .         Warding  .     (no gloves)
rMut   +         Stasis   .     D - +2 pair of boots
Gourm  .                        G - amulet of resist mutation
MR     +....                    I - ring of positive energy
                                y - +3 ring of evasion

@: paralysed, somewhat resistant to hostile enchantments, fairly stealthy
A: clever 1
a: no special abilities


You were on level 5 of the Lair of Beasts.
You were not hungry.

You visited 2 branches of the dungeon, and saw 14 of its levels.

You collected 834 gold pieces.
You spent 208 gold pieces at shops.

Inventory:

Hand weapons
 F - a +2 hand axe of venom (weapon)
Armour
 a - a +0 cloak (worn)
 m - a +2 hat (worn)
 D - a +2 pair of boots (worn)
 E - a +2 leather armour of poison resistance (worn)
Magical devices
 o - a wand of teleportation (3)
 w - a wand of slowing (4)
 M - a wand of digging (15)
 N - a wand of random effects (19)
 O - a wand of lightning (0)
 Q - a wand of random effects (10)
 R - a wand of digging (14)
 S - a wand of invisibility (1)
 U - a wand of frost (6)
Comestibles
 c - 13 bread rations
 f - a rotting chunk of spiny frog flesh
 h - 2 royal jellies
 i - 6 beef jerkies
 j - 11 slices of pizza
 s - 7 meat rations
Scrolls
 d - 2 scrolls of fear
 g - 3 scrolls of remove curse
 p - 9 scrolls of teleportation
 q - a scroll of holy word
 r - a scroll of fog
 H - a scroll of immolation {unknown}
 K - a scroll of amnesia
Jewellery
 v - an uncursed amulet of guardian spirit
 y - a +3 ring of evasion (left hand)
 G - an amulet of resist mutation (around neck)
 I - a ring of positive energy (right hand)
 L - an uncursed ring of protection from cold
Potions
 e - 2 potions of heal wounds
 k - a potion of cancellation
 l - a potion of magic
 n - a potion of porridge
 t - 2 potions of might
 u - a potion of flight
 x - 3 potions of curing
 z - 2 potions of restore abilities
 A - a potion of invisibility
 J - a potion of haste {unknown}
Books
 b - a book of Frost

   Spells                             Type                      Level
   *Freeze                            Ice                          1
   Throw Frost                        Conjuration/Ice              2
   *Ozocubu's Armour                  Charms/Ice                   3
   *Throw Icicle                      Conjuration/Ice              4
   *Summon Ice Beast                  Ice/Summoning                4
   Condensation Shield                Ice                          4
 C - a book of Control

   Spells                             Type                      Level
   Control Teleport                   Charms/Translocation         4
   Control Undead                     Necromancy                   4
   Enslavement                        Hexes                        4
   Metabolic Englaciation             Hexes/Ice                    5
   Mass Confusion                     Hexes                        6
 P - Shreanataf's Guide on Good Luck
   (You found it on level 3 of the Lair of Beasts)

   Spells                             Type                      Level
   Infusion                           Charms                       1
   Repel Missiles                     Charms/Air                   2
   Song of Slaying                    Charms                       2
   Flight                             Charms/Air                   3
   Control Teleport                   Charms/Translocation         4
   Warp Weapon                        Charms/Translocation         5
 V - a book of Party Tricks

   Spells                             Type                      Level
   Summon Butterflies                 Summoning                    1
   Apportation                        Translocation                1
   Blink                              Translocation                2
   Tukima's Dance                     Hexes                        3
   Alistair's Intoxication            Transmutation/Poison         4


   Skills:
 * Level 6.7 Fighting
 + Level 4.9 Armour
 * Level 7.1 Dodging
 + Level 5.5 Stealth
 * Level 6.6 Spellcasting
 * Level 3.6 Conjurations
 * Level 4.1 Charms
 * Level 6.8 Summonings
 * Level 7.7 Ice Magic
 + Level 5.1 Evocations


You had 11 spell levels left.
You knew the following spells:

 Your Spells              Type           Power        Failure   Level  Hunger
a - Freeze                Ice            ####         1%          1    None
b - Summon Ice Beast      Ice/Summ       #####...     4%          4    ###....
c - Ozocubu's Armour      Chrm/Ice       #####...     1%          3    None
d - Throw Icicle          Conj/Ice       #####...     10%         4    ###....


Dungeon Overview and Level Annotations

Branches:
Dungeon (9/15)             Temple (0/1) D:7            Lair (5/8) D:9
 Shoals (0/5) Lair:3       Spider (0/5) Lair:4
    Orc: D:9-12

Shops:
D:5 (   D:8 ::([:

Annotations:
Lair:5 Rupert


Innate Abilities, Weirdness & Mutations

Your mind is acute. (Int +2)


Message History

You feel clever.
You feel fantastic!
It was a potion of beneficial mutation.
Rupert yells loudly at you.
You are more confused.
Drink which item? (? for menu, Esc to quit)
Your magical effects are unravelling.
You feel magically purged.
You feel less confused. Rupert roars wildly at you.
You suddenly lose the ability to move!
Rupert roars madly and goes into a rage!
Rupert goes berserk!
The crocodile bites you but does no damage.
Rupert hits you with a glowing great sword!!
The crocodile completely misses you.
Rupert hits you with a glowing great sword!
The crocodile bites you!
* * * LOW HITPOINT WARNING * * *
Rupert hits you with a glowing great sword!!
You die...

##.............
####
#............#
###.#.
#............##
#.P...
#P............#
#P.>..
#...........P.#
#.....
#.#...........#.
##....
##...........P##
####.....
##.....#.#....# #
##.#......
##...######@.#
##.#.........
##.#.
#t@...........###.
#.##
#............## ##
.. #..######....##
. ...# ##....#
..... #....#
P..P.# #....##
....#### ##....##
.#....# ##..P..#


You could see Rupert (berserk) and a crocodile.

Vanquished Creatures
  6 elephants
  2 black mambas
  2 torpor snails (Lair:3)
  A fire drake (Lair:2)
  A spiny frog (Lair:3)
  3 komodo dragons
  Prince Ribbit (D:6)
  A blink frog (Lair:4)
  A basilisk (Lair:1)
  7 yaks
  2 hippogriffs
  A hill giant zombie (D:9)
  3 wolves (Lair:2)
  A sky beast (D:8)
  4 porcupines
  An orc warrior (D:8)
  A centaur (D:5)
  7 spiders (Lair:4)
  3 ogres
  2 crocodiles
  8 giant frogs
  A cyclops skeleton (D:9)
  4 scorpions
  A yak skeleton (D:8)
  A crimson imp (D:5)
  Dowan (D:6)
  A goliath beetle (D:9)
  11 hounds
  2 worker ants
  2 orc wizards
  4 iguanas
  Natasha (twice) (D:3)
  An orc priest (D:8)
  3 sheep
  Ijyb (D:3)
  Jessica (D:3)
  An ogre skeleton (D:5)
  A mummy (D:9)
  A worker ant zombie (D:5)
  26 green rats
  12 adders
  A giant mite (D:3)
  2 shadow imps
  3 worms
  An adder zombie (D:9)
  2 oozes (D:3)
  17 orcs
  A ball python (D:2)
  19 bats
  A bat skeleton (D:6)
  7 giant cockroaches
  5 goblins
  10 hobgoblins
  A jackal (D:2)
  7 quokkas
  A ball python skeleton (D:4)
  5 giant geckos
  3 giant newts
  A hobgoblin skeleton (D:7)
  23 kobolds
  A kobold skeleton (D:6)
  12 rats
258 creatures vanquished.

Vanquished Creatures (collateral kills)
  A hydra (Lair:5)
  6 elephants
  3 torpor snails (Lair:3)
  A black mamba (Lair:2)
  4 spiny frogs
  4 komodo dragons
  4 blink frogs (Lair:4)
  A basilisk (Lair:2)
  2 wyverns
  A wyvern (shapeshifter) (D:9)
  A human (D:9)
  21 yaks
  A hippogriff (Lair:4)
  A warg (Lair:1)
  Edmund (D:9)
  A water moccasin (Lair:3)
  4 wolves
  3 porcupines
  A spider (Lair:4)
  An ogre (D:9)
  4 orc warriors (D:9)
  A phantom (D:8)
  3 crocodiles
  A centaur (D:6)
  Duvessa (D:6)
  A gnoll sergeant (D:9)
  Blork the orc (D:9)
  3 giant frogs
  3 scorpions
  A yak zombie (D:9)
  A wight (D:9)
  A hound (Lair:1)
  A goliath beetle (D:9)
  A jelly (D:9)
  2 orc priests
  An iguana (Lair:4)
  3 orc wizards
  5 sheep
  3 adders
  26 green rats
  14 orcs
  A hobgoblin (D:7)
  2 quokkas
  A rat (D:8)
  A fungus (Lair:2)
144 creatures vanquished.

Vanquished Creatures (others)
  49 ice beasts
  2 fungi
51 creatures vanquished.

Grand Total: 453 creatures vanquished

Notes
Turn   | Place    | Note
--------------------------------------------------------------
     0 | D:1      | Johnny, the Demigod Ice Elementalist, began the quest for the Orb.
     0 | D:1      | Reached XP level 1. HP: 14/14 MP: 3/3
   480 | D:1      | Reached XP level 2. HP: 5/22 MP: 4/4
   879 | D:1      | Reached skill level 1 in Fighting
  1083 | D:1      | Reached skill level 3 in Ice Magic
  1230 | D:2      | Reached XP level 3. HP: 4/28 MP: 1/8
  1972 | D:2      | Reached XP level 4. HP: 26/35 MP: 5/10
  2066 | D:2      | Learned a level 4 spell: Summon Ice Beast
  2309 | D:3      | Noticed Jessica
  2321 | D:3      | Killed Jessica
  2512 | D:3      | Noticed Natasha
  2519 | D:3      | Killed Natasha
  2519 | D:3      | Reached skill level 1 in Armour
  2713 | D:3      | Noticed Ijyb
  2722 | D:3      | Killed Ijyb
  2722 | D:3      | Reached XP level 5. HP: 21/41 MP: 5/12
  2858 | D:3      | Noticed Natasha
  2861 | D:3      | Killed Natasha
  3261 | D:4      | Reached skill level 1 in Summonings
  3673 | D:4      | Noticed an ogre
  3680 | D:4      | Killed an ogre
  3680 | D:4      | Reached XP level 6. HP: 11/48 MP: 8/15
  3804 | D:4      | Reached skill level 4 in Ice Magic
  3804 | D:4      | Reached skill level 1 in Evocations
  3834 | D:4      | Found a basalt altar of Yredelemnul.
  4259 | D:5      | Entered Level 5 of the Dungeon
  4567 | D:5      | Found a white marble altar of Elyvilon.
  4736 | D:5      | Reached XP level 7. HP: 24/56 MP: 10/18
  4806 | D:5      | Found Streqala's Weapon Shop.
  5324 | D:6      | Found a blossoming altar of Fedhas.
  5359 | D:6      | Noticed Prince Ribbit
  5369 | D:6      | Killed Prince Ribbit
  5520 | D:6      | Noticed Duvessa
  5520 | D:6      | Noticed Dowan
  5529 | D:6      | Killed Dowan
  5529 | D:6      | Reached XP level 8. HP: 29/63 MP: 11/20
  6009 | D:6      | Killed Duvessa
  6483 | D:6      | Found a blossoming altar of Fedhas.
  6648 | D:7      | Found a staircase to the Ecumenical Temple.
  6974 | D:7      | Got a steaming leather armour
  6985 | D:7      | Identified the cursed +1 leather armour of the Lotus Blossom {Str-3 Int-5} (You found it on level 7 of the Dungeon)
  7375 | D:8      | Found Vis Uran's Antique Weapon Boutique.
  7557 | D:8      | Reached skill level 5 in Ice Magic
  7698 | D:8      | Found Cocihac's Armour Boutique.
  7741 | D:8      | Bought a +2 hat for 208 gold pieces
  8029 | D:8      | Found Recolak Ari's Book Shop.
  8150 | D:8      | Found Doloet's Book Shop.
  8288 | D:8      | Found an ancient bone altar of Kikubaaqudgha.
  8362 | D:8      | Found a shattered altar of Ashenzari.
  8511 | D:8      | Found Riffok's Book Boutique.
  8706 | D:9      | Found a shimmering altar of Xom.
  8706 | D:9      | Found a shimmering altar of Xom.
  8706 | D:9      | Found a shimmering altar of Xom.
  8706 | D:9      | Found a shimmering altar of Xom.
  8706 | D:9      | Noticed an orb spider
  8709 | D:9      | Found a shimmering altar of Xom.
  8854 | D:9      | Noticed an elephant
  9099 | D:9      | Killed an elephant
  9099 | D:9      | Reached XP level 9. HP: 53/72 MP: 7/23
  9201 | D:9      | Noticed a death drake
  9202 | D:9      | Found a shimmering altar of Xom.
  9230 | D:9      | Found a staircase to the Lair.
  9510 | D:9      | Noticed Blork the orc
  9527 | D:9      | Killed Blork the orc
  9542 | D:9      | Noticed Edmund
  9567 | D:9      | Killed Edmund
  9832 | D:9      | Reached skill level 5 in Dodging
  9846 | D:9      | Reached skill level 5 in Fighting
 10076 | D:9      | Reached skill level 5 in Spellcasting
 10609 | Lair:1   | Entered Level 1 of the Lair of Beasts
 10765 | Lair:1   | Noticed a komodo dragon
 10780 | Lair:1   | Killed a komodo dragon
 10780 | Lair:1   | Reached skill level 6 in Ice Magic
 11004 | Lair:1   | Noticed a komodo dragon
 11025 | Lair:1   | Killed a komodo dragon
 11197 | Lair:1   | Reached XP level 10. HP: 81/81 MP: 9/25
 11202 | Lair:1   | Reached skill level 5 in Summonings
 11455 | Lair:1   | Learned a level 4 spell: Throw Icicle
 11459 | Lair:1   | Learned a level 3 spell: Ozocubu's Armour
 11692 | Lair:1   | Reached skill level 1 in Conjurations
 12203 | Lair:2   | Got a brightly glowing garnet amulet
 12215 | Lair:2   | Reached skill level 1 in Charms
 13067 | Lair:3   | Identified Shreanataf's Guide on Good Luck
 13088 | Lair:3   | Found a snail-covered altar of Cheibriados.
 13734 | Lair:3   | Reached skill level 7 in Ice Magic
 13785 | Lair:3   | Reached XP level 11. HP: 62/89 MP: 5/27
 13786 | Lair:3   | Found a staircase to the Shoals.
 14205 | Lair:3   | Reached skill level 5 in Stealth
 14634 | Lair:3   | Identified the cursed amulet "Ghal" {Stasis Str-3} (You found it on level 2 of the Lair of Beasts)
 15273 | Lair:4   | Found a hole to the Spider Nest.
 15422 | Lair:4   | Reached skill level 5 in Evocations
 16542 | Lair:5   | Noticed a six-headed hydra
 16544 | Lair:5   | Noticed Rupert
 16548 | Lair:5   | Killed a six-headed hydra
 17043 | Lair:5   | Gained mutation: Your mind is acute. (Int +2) [potion of beneficial mutation]
 17044 | Lair:5   | Paralysed by Rupert for 7 turns
 17050 | Lair:5   | Mangled by Rupert

Action                   |  1- 3 |  4- 6 |  7- 9 | 10-12 || total
-------------------------+-------+-------+-------+-------++-------
Melee: Dagger            |    71 |       |       |       ||    71
       Unarmed           |     3 |       |       |       ||     3
       Mace              |    61 |       |       |       ||    61
       Short sword       |    21 |   221 |   184 |       ||   426
       Hand axe          |       |       |   221 |   424 ||   645
 Cast: Freeze            |    16 |    40 |    22 |     1 ||    79
       Summon Ice Beast  |       |       |    76 |   119 ||   195
       Ozocubu's Armour  |       |       |       |    24 ||    24
       Throw Icicle      |       |       |       |     9 ||     9
Evoke: Wand              |       |       |    16 |    24 ||    40
  Use: Scroll            |       |     8 |    17 |    13 ||    38
       Potion            |       |     2 |     1 |     3 ||     6
 Stab: Distracted        |     1 |       |     4 |     7 ||    12
       Sleeping          |       |     3 |     5 |     5 ||    13
       Invisible         |       |       |       |    11 ||    11
  Eat: Chunk             |     4 |     8 |    27 |    33 ||    72
       Royal jelly       |       |       |     3 |     1 ||     4
       Fruit             |       |       |     2 |       ||     2
